 Dungeon Crawl Stone Soup version 0.27.0-1-g7a089689b8 (webtiles) character file.

Game seed: 2522179234390843464

701 gimp the Poker (level 7, -11/56 HPs)
             Began as a Mummy Warper on Aug 10, 2021.
             Mangled by an ogre (23 damage)
             ... on level 4 of the Dungeon.
             The game lasted 00:15:58 (8829 turns).

gimp the Poker (Mummy Warper)                       Turns: 8829, Time: 00:15:59

Health: -11/56     AC:  3    Str: 15    XL:     7   Next: 38%
Magic:  11/11      EV: 11    Int: 13    God:
Gold:   181        SH:  0    Dex: 12    Spells: 11/11 levels left

rFire    x . .     SeeInvis .   a - +0 spear
rCold    + . .     Faith    .   (no shield)
rNeg     + + +     Spirit   .   b - +0 leather armour
rPois    ∞         Reflect  .   (no helmet)
rElec    .         Harm     .   (no cloak)
rCorr    .         Rampage  .   (no gloves)
Will     .....                  (no boots)
Stlth    +.........             o - amulet of the acrobat
HPRegen  0.18/turn              (no ring)
MPRegen  0.12/turn              (no ring)

@: no status effects
A: cold resistance 1, negative energy resistance 3, torment resistance 2, heat
vulnerability 1, no potions
a: no special abilities


You were on level 4 of the Dungeon.
You visited 1 branch of the dungeon, and saw 7 of its levels.

You collected 181 gold pieces.

Inventory:

Hand Weapons
 a - a +0 spear (weapon)
Missiles
 g - 51 sling bullets
 n - 3 boomerangs (quivered)
 t - 3 poisoned darts
Armour
 b - a +0 leather armour (worn)
 m - a +0 kite shield
Jewellery
 o - an amulet of the acrobat (around neck)
Wands
 s - a wand of digging (4)
Scrolls
 c - a scroll of blinking
 e - a scroll of vulnerability {unknown}
 f - 4 scrolls of identify
 h - 4 scrolls of noise
 i - 2 scrolls of amnesia {unknown}
 j - a scroll of acquirement {unknown}
 k - a scroll of silence {unknown}
 l - a scroll of immolation {unknown}
 p - 2 scrolls of magic mapping
 q - a scroll of fog {unknown}
 r - a scroll of teleportation


   Skills:
 - Level 5.0 Fighting
 * Level 5.8 Polearms
 - Level 0.7 Throwing
 - Level 0.7 Armour
 - Level 1.5 Dodging
 - Level 2.6 Spellcasting
 - Level 2.4 Translocations


You had 11 spell levels left.
You didn't know any spells.
Your spell library contained the following spells:

 Spells                   Type           Power      Damage    Failure   Level
 Blink                    Tloc           N/A        N/A       16%         2
 Sting                    Tmut/Pois      4%         1d3       28%         1
 Gell's Gravitas          Tloc           4%         N/A       32%         3
 Lesser Beckoning         Tloc           4%         N/A       32%         3
 Teleport Other           Tloc           8%         N/A       32%         3
 Poisonous Vapours        Pois/Air       2%         N/A       41%         2
 Olgreb's Toxic Radiance  Pois           1%         N/A       96%         4
 Manifold Assault         Tloc           8%         N/A       96%         5


Dungeon Overview and Level Annotations

Branches:
Dungeon (7/15)
 Temple: D:4-7

Altars:
Gozag
Makhleb
Sif Muna

Shops:
D:1 [   D:2 (   D:3 :


Innate Abilities, Weirdness & Mutations

You are immune to poison.
Your flesh is cold resistant. (rC+)
You are immune to negative energy. (rN+++)
You are immune to unholy pain and torment.
You are vulnerable to heat. (rF-)
You do not drink.


Message History

* * * LOW HITPOINT WARNING * * *
You take 7 damage, and have 10/55 hp.
You can't drink.
Unknown command.
Okay, then.
Unknown command.
You hit the scorpion.
You kill the scorpion!
The giant cockroach bites you.
* * * LOW HITPOINT WARNING * * *
Training target 5.0 for Fighting reached!
Your Fighting skill increases to level 5!
You take 1 damage, and have 9/56 hp.
You see here a scorpion corpse.
The giant cockroach misses you.
The giant cockroach completely misses you.
An ogre comes into view. It is wielding a +0 giant club.
The ogre shouts!
You hit the giant cockroach.
The giant cockroach is severely wounded.
The giant cockroach bites you but does no damage.
You hit the giant cockroach but do no damage.
The giant cockroach is severely wounded.
The giant cockroach barely misses you. The ogre barely misses you.
You hit the giant cockroach.
You kill the giant cockroach!
You hit the goblin.
The goblin is moderately wounded.
The goblin closely misses you. The ogre barely misses you.
You hit the ogre.
The ogre is lightly wounded.
The goblin closely misses you.
You barely miss the ogre.
The ogre is lightly wounded.
The ogre barely misses you. The goblin hits you but does no damage.
Unknown command.
You hit the ogre.
The ogre is moderately wounded.
The ogre hits you with a +0 giant club!!
You die...

...............hK..†........
.#####.####..#######.#.####
.# #.# #..# #h# #. #.. ....#
#.# # #.#####.# #K# ..# #.#
#g# ## #.# #.# ###.#######.#
......O@gKh.# ###.#########


You could see a black bear, a kobold brigand, an ogre and a goblin.

Vanquished Creatures
  A bullfrog (D:6)
  A scorpion (D:4)
  A wight (D:6)
  2 electric eels (D:6)
  2 bullfrog zombies
  A jelly (D:5)
  A gnoll shaman (D:6)
  3 hounds (D:6)
  Jessica (D:2)
  An iguana (D:4)
  2 orc wizards
  A howler monkey skeleton (D:6)
  3 gnolls (D:6)
  An adder (D:2)
  A shadow imp (D:6)
  An adder skeleton (D:4)
  A worm (D:2)
  10 dart slugs
  9 orcs
  4 endoplasms
  A giant cockroach (D:4)
  4 goblins
  6 hobgoblins
  2 jackals (D:2)
  2 quokkas (D:2)
  5 ball pythons
  2 bats
  2 frilled lizards
  5 kobolds
  5 rats (D:1)
81 creatures vanquished.

Vanquished Creatures (others)
  2 plants (D:6)
2 creatures vanquished.

Grand Total: 83 creatures vanquished

Notes
Turn   | Place    | Note
-------+----------+-------------------------------------------
     0 | D:1      | gimp the Mummy Warper began the quest for the Orb.
     0 | D:1      | Reached XP level 1. HP: 16/16 MP: 4/4
   361 | D:1      | Found Xinked's Antique Armour Emporium.
   526 | D:1      | Reached XP level 2. HP: 22/22 MP: 5/5
   716 | D:1      | Found a faded altar of an unknown god.
  1348 | D:2      | Noticed Jessica
  1355 | D:2      | Killed Jessica
  1356 | D:2      | Reached XP level 3. HP: 8/28 MP: 7/7
  1622 | D:2      | Found a burning altar of Makhleb.
  2017 | D:2      | Found Wunlutza's Antique Weapon Shop.
  2651 | D:3      | Reached XP level 4. HP: 31/34 MP: 8/8
  3448 | D:3      | Found Quywuir's Book Emporium.
  4219 | D:3      | Reached XP level 5. HP: 35/41 MP: 9/9
  4480 | D:3      | Noticed Purgy
  4574 | D:3      | Found an opulent altar of Gozag.
  4973 | D:3      | Found a shimmering blue altar of Sif Muna.
  5384 | D:4      | You fall into a shaft and drop 3 floors!
  5385 | D:7      | Noticed a water moccasin
  5385 | D:7      | Noticed a steam dragon
  5615 | D:6      | Found a transporter.
  5828 | D:5      | Entered Level 5 of the Dungeon
  6127 | D:5      | Noticed a steam dragon
  6179 | D:6      | Found a transporter.
  6224 | D:6      | Reached XP level 6. HP: 26/48 MP: 10/10
  7083 | D:6      | Reached skill level 5 in Polearms
  7493 | D:6      | Reached XP level 7. HP: 38/55 MP: 11/11
  8811 | D:4      | Reached skill level 5 in Fighting
  8829 | D:4      | Mangled by an ogre

Illustrated notes

Levels and vault maps discovered:
D:1:      dpeg_arrival_central, layout_loops_ring,
          shapermc_ecumenical_altar_hornbeckon, serial_shops, shop,
          hangedman_decor_opposing, amethyst_killhole, minmay_box_of_dots
D:2:      layout_loops_ring, basic_altar, serial_shops, nicolae_square_shop,
          serial_park_tiny_pond, uniq_jessica
D:3:      kennysheep_slugbush, layout_loops_ring, nicolae_gozag_seed_capital,
          lemuel_crystal_altar, serial_shops, shop_statue, uniq_purgy
D:4:      layout_loops_ring, mainiacjoe_overflow_tiny_flanked,
          mrwooster_statue_mirror
D:5:      layout_basic, minmay_temple_entry_butterflies
D:6:      gammafunk_steamed_eel, layout_loops_corners
D:7:      kb_forest_paths, layout_rooms, enter_bailey_3, minmay_shop_damaged,
          uniq_prince_ribbit1, uniq_menkaure

Skill      XL: |  1  2  3  4  5  6  7 |
---------------+----------------------+-----
Polearms       | 2 3 4 5 |  5.8
Fighting       | 3 4 5 |  5.0
Throwing       | |  0.7
Armour         | |  0.7
Dodging        | |  1.5
Spellcasting   | |  2.6
Translocations | |  2.4

Action                   |  1- 3 |  4- 6 |  7- 9 || total
-------------------------+-------+-------+-------++-------
Melee: Spear             |   139 |   289 |    61 ||   489
Throw: Boomerang         |     4 |     2 |     2 ||     8
       Dart              |       |    12 |    15 ||    27
Evoke: Wand              |       |    11 |     2 ||    13
  Use: Scroll            |       |     3 |     3 ||     6
 Stab: Sleeping          |     1 |       |       ||     1
       Paralysed         |       |    22 |       ||    22
Armor: Leather armour    |    25 |    38 |    20 ||    83
Dodge: Dodged            |    60 |   137 |    69 ||   266
